 Dungeon Crawl Stone Soup version 0.22-a0-322-g60b3cfd402 (webtiles) character file.

380 Oravi the Changer (level 6, 0/43 HPs)
             Began as a Merfolk Transmuter on Apr 1, 2018.
             Slain by Crazy Yiuf
             ... wielding a +3 quarterstaff of chaos
              (18 damage)
             ... on level 3 of the Dungeon.
             The game lasted 00:17:42 (3409 turns).

Oravi the Changer (Merfolk Transmuter)              Turns: 3409, Time: 00:17:42

Health: 0/43       AC:  2    Str: 10    XL:     6   Next: 75%
Magic:  6/9        EV: 23    Int: 14    God:
Gold:   140        SH:  0    Dex: 20    Spells: 3/9 levels left

rFire    . . .     SeeInvis .     - Unarmed
rCold    . . .     Gourm    .   (shield currently unavailable)
rNeg     . . .     Faith    .   (armour currently unavailable)
rPois    x         Spirit   .   (helmet currently unavailable)
rElec    .         Reflect  .   (cloak currently unavailable)
rCorr    .         Harm     .   (gloves currently unavailable)
MR       .....                  (boots currently unavailable)
Stlth    ++........             (no amulet)
HPRegen  0.14/turn              (no ring)
MPRegen  0.11/turn              (no ring)

@: spider-form, hasted, very quick
A: tiny, (change form in water), (swift swim), (stealthy swim)
a: End Transformation


You were on level 3 of the Dungeon.
You were not hungry.
You were a venomous arachnid creature.
You visited 1 branch of the dungeon, and saw 3 of its levels.

You collected 140 gold pieces.

Inventory:

Armour
 b - a +0 robe (melded)
 j - a +0 hat (melded)
 t - a +0 pair of gloves (melded)
Jewellery
 n - an uncursed ring of positive energy {unknown}
Wands
 s - a wand of acid (7)
Scrolls
 e - a scroll of fear
 f - 2 scrolls of remove curse
 g - a scroll of blinking
 k - a scroll of enchant weapon {unknown}
 l - a scroll of amnesia {unknown}
 m - a scroll of identify {unknown}
 u - a scroll of magic mapping {unknown}
Potions
 c - 2 potions of agility {unknown}
 h - a potion of brilliance {unknown}
 i - 2 potions of mutation {unknown}
 o - 2 potions of lignification {unknown}
 p - a potion of cancellation {unknown}
 q - a potion of resistance {unknown}
 r - a potion of curing {unknown}
 v - a potion of ambrosia {unknown}
Comestibles
 a - 4 chunks of flesh
 d - 9 rations


   Skills:
 - Level 1.1 Fighting
 + Level 4.7 Dodging
 + Level 4.4 Unarmed Combat
 - Level 2.0 Spellcasting
 * Level 6.6 Transmutations
 * Level 2.4 Poison Magic


You had 3 spell levels left.
You knew the following spells:

 Your Spells              Type           Power        Failure   Level  Hunger
a - Beastly Appendage     Tmut           ###...       7%          1    ##.....
b - Sticks to Snakes      Tmut           ###.....     9%          2    ###....
c - Spider Form           Tmut/Pois      ##........   26%         3    ####...


Dungeon Overview and Level Annotations

Branches:
Dungeon (3/15)

Altars:
Okawaru

Annotations:
D:3 Crazy Yiuf


Message History

Jessica gestures at you while chanting. Pain shoots through your body!
You hit Jessica but do no damage.
Jessica is heavily wounded.
Crazy Yiuf misses you. Jessica hits you but does no damage.
You hit Jessica.
You kill Jessica!
You hit Crazy Yiuf but do no damage.
Crazy Yiuf is poisoned.
Crazy Yiuf completely misses you.
You hit Crazy Yiuf but do no damage.
Crazy Yiuf looks even sicker.
You hit Crazy Yiuf.
Crazy Yiuf looks as sick as possible!
Crazy Yiuf is lightly wounded.
Crazy Yiuf completely misses you.
You bite Crazy Yiuf!
Crazy Yiuf looks as sick as possible!
Crazy Yiuf is heavily wounded.
You barely miss Crazy Yiuf.
Crazy Yiuf is heavily wounded.
Crazy Yiuf hits you with a quarterstaff of chaos.
You are electrocuted!
You die...

#.........#..........
#.........#..........
#................####
##############...###
#.....# #...#)# ####
########.## #).g###
##........#<
#..)s.####...........
#...##..#......(.....
#### ###.#...........
#######.......
#.......
######.......
##............
#.............
#.............


You could see Crazy Yiuf.

Vanquished Creatures
  Sigmund (D:2)
  Jessica (D:3)
  Ijyb (D:3)
  Terence (D:2)
  Natasha (twice) (D:3)
  4 gnolls (D:2)
  3 adders
  2 worms
  2 dart slugs
  4 leopard geckos
  4 orcs (D:3)
  4 bats
  3 giant cockroaches
  9 goblins
  7 hobgoblins
  8 jackals
  A quokka (D:3)
  4 frilled lizards
  7 kobolds
  6 rats
74 creatures vanquished.

Vanquished Creatures (collateral kills)
  A kobold (D:3)
1 creature vanquished.

Grand Total: 75 creatures vanquished

Notes
Turn   | Place    | Note
-------+----------+-------------------------------------------
     0 | D:1      | Oravi the Merfolk Transmuter began the quest for the Orb.
     0 | D:1      | Reached XP level 1. HP: 15/15 MP: 3/3
    48 | D:1      | Reached skill level 3 in Transmutations
   111 | D:1      | Reached XP level 2. HP: 18/21 MP: 3/5
   948 | D:2      | Learned a level 2 spell: Sticks to Snakes
   980 | D:2      | Reached skill level 4 in Transmutations
   980 | D:2      | Reached XP level 3. HP: 22/26 MP: 4/6
  1047 | D:2      | Learned a level 3 spell: Spider Form
  1081 | D:2      | Reached XP level 4. HP: 8/32 MP: 2/7
  1084 | D:2      | Reached skill level 1 in Poison Magic
  1830 | D:2      | Noticed Sigmund
  1920 | D:2      | Killed Sigmund
  1920 | D:2      | Reached skill level 5 in Transmutations
  1920 | D:2      | Reached XP level 5. HP: 37/37 MP: 1/8
  1938 | D:2      | Noticed Terence
  1948 | D:2      | Killed Terence
  1948 | D:2      | Reached XP level 6. HP: 43/43 MP: 1/9
  1957 | D:2      | Reached skill level 6 in Transmutations
  2050 | D:2      | Found an iron altar of Okawaru.
  2941 | D:3      | Noticed Ijyb
  2956 | D:3      | Killed Ijyb
  3223 | D:3      | Noticed Natasha
  3241 | D:3      | Killed Natasha
  3243 | D:3      | Noticed Natasha
  3249 | D:3      | Killed Natasha
  3395 | D:3      | Found a runed door.
  3400 | D:3      | Noticed Crazy Yiuf
  3400 | D:3      | Noticed Jessica
  3404 | D:3      | Killed Jessica
  3409 | D:3      | Slain by Crazy Yiuf

Vault maps used:
D:1:      lemuel_arrival_funnel
D:2:      okawaru_metal_pillars_1_2, first_ration, uniq_terence, uniq_sigmund
D:3:      uniq_ijyb, uniq_crazy_yiuf_cottage, uniq_natasha, uniq_jessica

Skill      XL: |  1  2  3  4  5  6 |
---------------+-------------------+-----
Transmutations | 3 4 5 6 |  6.6
Dodging        | 3 4 |  4.7
Poison Magic   | 1 2 |  2.4
Unarmed Combat | 4 |  4.4
Fighting       | |  1.1
Spellcasting   | |  2.0

Action                   |  1- 3 |  4- 6 || total
-------------------------+-------+-------++-------
Melee: Unarmed           |   105 |   164 ||   269
       Headbutt          |    13 |     6 ||    19
       Punch             |     1 |     1 ||     2
 Cast: Beastly Appendage |    11 |    14 ||    25
       Spider Form       |     2 |     8 ||    10
       Sticks to Snakes  |       |    11 ||    11
  Use: Scroll            |       |     3 ||     3
 Stab: Sleeping          |       |     4 ||     4
  Eat: Chunk             |     1 |     6 ||     7
       Ration            |       |     1 ||     1
Armor: Robe              |    12 |    12 ||    24
       Skin              |       |     3 ||     3
Dodge: Dodged            |    56 |   109 ||   165

Table legend:
 A = Spawn XP
 B = Non-spawn XP
 C = Spawn XP percentage of total XP
 D = Spawn monster count
 E = Non-spawn monster count
 F = Spawn count percentage of total count
 G = Total turns spent on level
                    A         B        C        D         E        F      G
               +---------+---------+-------+---------+---------+-------+---------
         Total |       0 |     544 |   0.0 |       0 |      75 |   0.0 |  3409
               +---------+---------+-------+---------+---------+-------+---------
           D:1 |       0 |      32 |   0.0 |       0 |      18 |   0.0 |   783
           D:2 |       0 |     299 |   0.0 |       0 |      24 |   0.0 |  1529
           D:3 |       0 |     213 |   0.0 |       0 |      33 |   0.0 |  1097
               +---------+---------+-------+---------+---------+-------+---------
